Map: Mist Opportunities

Players

HUNTER

  • Race: Terran Terran
  • Spawn Location: 6:00

Takker

  • Race: Protoss Protoss
  • Spawn Location: 5:00

VOD

Have the link to the VOD?

Description

Time

  • Played on: May 23, 2019, 4:19 p.m.
  • Length: 30:10
Show
View Real Time Build Order
Export as new Build Order

HUNTER Terran 

Build Orders:  

Get SALT Encoding   

  12  0:04  SCV  
  13  0:17  SCV  
  14  0:30  Supply Depot  
  14  0:35  SCV  
  15  0:47  Refinery  
  15  0:59  SCV  
  15  1:01  Refinery  
  16  1:13  SCV  
  17  1:22  Engineering Bay  
  17  1:27  SCV  
  18  1:40  SCV  
  19  1:54  SCV  
  20  2:02  Factory  
  20  2:07  SCV  
  21  2:14  Supply Depot  
  21  2:21  SCV  
  22  2:30  Hi-Sec Auto Tracking  
  22  2:34  SCV  
  23  2:48  SCV  
  24  3:02  SCV  
  24  3:05  Supply Depot  
  24  3:07  Factory Tech Reactor  
  25  3:15  SCV  
  25  3:18  Perdition Turret  
  26  3:29  SCV  
  27  3:43  Perdition Turret  
  27  3:49  Maelstrom Rounds  
  27  3:51  Siege Tank  
  27  3:58  SCV  
  31  4:11  SCV  
  31  4:13  Spinning Dizzy  
  31  5:04  Siege Tank  
  31  5:05  Siege Tank  
  31  5:07  Structure Armor  
  37  5:12  SCV  
  38  5:25  SCV  
  39  5:43  Spinning Dizzy  
  39  5:48  Command Center  
  39  5:56  Supply Depot  
  39  6:11  Devastation Turret  
  39  6:25  SCV  
  39  6:29  Supply Depot  
  40  6:32  Fire-Suppression Systems  
  40  6:39  SCV  
  41  6:41  Spinning Dizzy  
  41  7:00  Devastation Turret  
  41  7:06  Devastation Turret  
  41  7:22  Siege Tank  
  41  7:40  SCV  
  41  7:48  Spinning Dizzy  
  42  7:53  SCV  
  42  7:57  Devastation Turret  
  42  8:07  SCV  
  43  8:15  Spinning Dizzy  
  43  8:24  Devastation Turret  
  43  8:35  Spinning Dizzy  
  43  8:59  Spinning Dizzy  
  43  9:04  Devastation Turret  
  43  9:09  Spinning Dizzy  
  43  9:10  Devastation Turret  
  43  9:13  SCV  
  44  9:24  KMC Auto-Loaders, Supply Depot  
  44  9:27  SCV  
  39  9:40  SCV  
  40  9:51  Devastation Turret  
  40  9:54  SCV  
  40  9:56  Spinning Dizzy  
  41  10:07  SCV  
  42  10:14  Spinning Dizzy  
  42  10:21  Devastation Turret  
  42  10:23  Devastation Turret  
  42  10:50  Siege Tank, Spinning Dizzy  
  42  10:53  Armory, Devastation Turret  
  45  11:12  SCV  
  45  11:19  Refinery  
  46  11:24  Refinery  
  46  11:26  SCV  
  47  11:39  SCV, Spinning Dizzy  
  47  11:46  Upgrade Laser Drill Level 1  
  47  11:49  Devastation Turret  
  48  11:53  SCV  
  48  11:57  Siege Tank  
  52  12:02  Supply Depot  
  52  12:06  SCV  
  52  12:08  Devastation Turret  
  53  12:18  Spinning Dizzy  
  53  12:19  Devastation Turret  
  53  12:31  Siege Tank  
  53  12:39  Devastation Turret, Supply Depot  
  56  12:55  Spinning Dizzy  
  56  13:06  Devastation Turret  
  56  13:11  Supply Depot  
  56  13:25  Upgrade Laser Drill Level 2  
  56  13:57  Spinning Dizzy  
  56  14:20  Devastation Turret  
  55  14:38  Siege Tank x2  
  60  14:42  Regenerative Bio-Steel  
  60  14:50  Supply Depot  
  60  14:58  SCV  
  61  15:07  SCV  
  62  15:12  SCV  
  62  15:16  330mm Barrage Cannon  
  63  15:21  SCV  
  63  15:24  Supply Depot  
  63  15:25  SCV  
  63  15:26  Siege Tank  
  63  15:27  Siege Tank  
  71  15:34  SCV  
  71  15:39  SCV  
  73  15:46  Devastation Turret  
  73  15:48  SCV  
  74  15:52  SCV  
  75  16:01  SCV  
  75  16:02  Siege Tank  
  75  16:03  Siege Tank  
  82  16:12  Terran Vehicle and Ship Weapons Level 1  
  82  16:28  Spinning Dizzy  
  82  16:33  Spinning Dizzy  
  82  16:43  Devastation Turret  
  82  16:44  Devastation Turret  
  82  16:51  Devastation Turret  
  81  17:02  SCV  
  82  17:15  SCV  
  82  17:19  Devastation Turret, Spinning Dizzy  
  83  17:29  SCV  
  84  17:33  Devastation Turret  
  84  17:42  SCV  
  84  17:47  Devastation Turret  
  84  17:49  Spinning Dizzy  
  85  17:56  SCV  
  86  18:09  Spinning Dizzy  
  86  18:15  Devastation Turret  
  86  18:19  Siege Tank x2  
  92  18:27  Supply Depot  
  92  18:52  Terran Vehicle And Ship Armor Level 1  
  92  18:55  Siege Tank x2  
  92  18:56  Devastation Turret  
  92  18:57  Supply Depot, Spinning Dizzy  
  98  19:15  Spinning Dizzy  
  98  19:31  Siege Tank x2  
  104  20:01  Devastation Turret  
  104  20:04  Devastation Turret  
  104  20:06  Siege Tank  
  104  20:07  Siege Tank  
  110  20:14  Spinning Dizzy  
  110  20:15  Spinning Dizzy  
  110  20:25  Devastation Turret  
  110  20:28  Spinning Dizzy  
  110  20:42  Devastation Turret  
  110  20:49  Spinning Dizzy  
  110  21:04  Devastation Turret  
  110  21:07  Spinning Dizzy  
  110  21:08  Siege Tank  
  104  21:51  SCV  
  105  22:04  SCV  
  106  22:18  SCV  
  107  22:25  Spinning Dizzy  
  107  22:31  SCV  
  108  22:45  SCV  
  108  22:46  Terran Vehicle and Ship Weapons Level 2  
  109  22:53  Supply Depot  
  109  22:58  SCV  
  110  23:09  Spinning Dizzy  
  110  23:11  Spinning Dizzy  
  110  23:12  SCV  
  111  23:25  Supply Depot  
  111  23:26  SCV, Devastation Turret  
  112  23:31  Spinning Dizzy  
  112  23:39  SCV  
  112  23:45  Devastation Turret  
  113  23:52  Spinning Dizzy  
  113  23:53  SCV  
  114  24:00  Devastation Turret  
  114  24:06  SCV  
  115  24:11  Spinning Dizzy  
  115  24:16  Spinning Dizzy  
  115  24:17  Spinning Dizzy  
  115  24:20  SCV  
  115  24:22  Devastation Turret  
  115  24:25  Devastation Turret  
  116  24:37  Spinning Dizzy  
  116  24:43  Devastation Turret  
  116  24:52  Devastation Turret  
  116  24:53  Devastation Turret x2  
  116  25:16  Spinning Dizzy  
  116  25:20  Devastation Turret  
  116  25:28  Spinning Dizzy  
  116  25:30  Devastation Turret  
  116  25:56  Terran Vehicle And Ship Armor Level 2  
  116  26:08  Spinning Dizzy  
  116  26:18  Spinning Dizzy  
  116  26:27  Devastation Turret  
  116  26:38  Devastation Turret  
  116  26:54  Devastation Turret  
  116  27:07  Spinning Dizzy  
  116  27:09  Devastation Turret  
  116  27:26  Spinning Dizzy  
  115  27:43  Devastation Turret  
  115  28:02  Siege Tank  
  115  28:08  Spinning Dizzy  
  111  28:24  Spinning Dizzy  
  113  29:00  Spinning Dizzy  
  113  29:04  Devastation Turret  
  113  29:14  Devastation Turret  
  113  29:17  Devastation Turret  
  113  29:44  Spinning Dizzy  
Show
View Real Time Build Order
Export as new Build Order

Takker Protoss 

Build Orders:  

Get SALT Encoding   

  12  0:02  Probe (Chrono Boost)  
  13  0:16  Probe (Chrono Boost)  
  14  0:30  Probe (Chrono Boost)  
  15  0:44  Probe (Chrono Boost)  
  16  0:58  Probe (Chrono Boost)  
  17  1:06  Xel'Naga Passageway  
  17  1:11  Probe (Chrono Boost)  
  18  1:25  Probe (Chrono Boost)  
  19  1:39  Probe (Chrono Boost)  
  20  1:53  Probe (Chrono Boost)  
  21  2:07  Probe (Chrono Boost)  
  22  2:12  Xel'Naga Ambusher  
  22  2:19  Core Forge  
  24  2:54  Xel'Naga Ambusher  
  24  2:55  Xel'Naga Passageway  
  26  4:28  Xel'Naga Ambusher  
  26  4:29  Xel'Naga Ambusher  
  30  5:10  Xel'Naga Shieldguard x2  
  34  5:28  Constructs Facility  
  34  5:47  Xel'Naga Shieldguard x2  
  38  6:24  Xel'Naga Shieldguard x2  
  42  6:40  Ancient Nexus  
  42  6:41  Probe (Chrono Boost)  
  43  6:55  Probe (Chrono Boost)  
  44  7:01  Xel'Naga Ambusher x2  
  44  7:09  Probe (Chrono Boost)  
  49  7:23  Probe (Chrono Boost)  
  50  7:31  Xel'Naga Enforcer  
  50  7:37  Probe (Chrono Boost)  
  55  7:51  Probe (Chrono Boost)  
  55  7:54  Xel'Naga Shieldguard  
  58  8:05  Probe (Chrono Boost)  
  59  8:19  Probe (Chrono Boost)  
  60  8:24  Xel'Naga Ambusher  
  62  8:32  Probe (Chrono Boost)  
  57  9:05  Serdath Legion  
  55  9:52  Xel'Naga Ambusher x2  
  59  10:12  Probe (Chrono Boost)  
  59  10:15  Probe (Chrono Boost)  
  61  10:26  Probe (Chrono Boost)  
  61  10:29  Probe (Chrono Boost)  
  63  10:40  Probe (Chrono Boost)  
  63  10:43  Probe (Chrono Boost)  
  65  10:52  Xel'Naga Enforcer  
  65  10:57  Probe (Chrono Boost)  
  70  11:11  Probe (Chrono Boost)  
  70  11:19  Xel'Naga Ambusher  
  73  11:21  Xel'Naga Ambusher  
  75  11:45  Probe (Chrono Boost)  
  76  12:08  Void Shrine  
  76  12:16  Xel'Naga Enforcer  
  80  12:25  Constructs Bay, Xel'Naga Ambusher  
  82  13:19  Serdath Legion  
  91  13:49  Probe (Chrono Boost)  
  76  13:58  Probe (Chrono Boost)  
  70  14:02  Probe (Chrono Boost)  
  70  14:06  Xel'Naga Shieldguard x2  
  72  14:12  Probe (Chrono Boost)  
  72  14:16  Probe (Chrono Boost)  
  74  14:25  Probe (Chrono Boost)  
  72  14:30  Probe (Chrono Boost)  
  72  14:39  Probe (Chrono Boost)  
  73  14:44  Probe (Chrono Boost)  
  75  14:53  Probe (Chrono Boost)  
  75  14:58  Probe (Chrono Boost)  
  77  15:07  Probe (Chrono Boost)  
  78  15:12  Probe (Chrono Boost)  
  78  15:16  Xel'Naga Ambusher  
  78  15:19  Xel'Naga Ambusher  
  83  15:21  Probe (Chrono Boost)  
  83  15:26  Probe (Chrono Boost)  
  83  15:29  Xel'Naga Abrogator  
  88  15:48  Serdath Legion  
  88  15:58  Xel'Naga Ambusher  
  91  16:01  Xel'Naga Ambusher  
  88  17:12  Void Templar  
  88  17:14  Void Templar  
  88  17:18  Xel'Naga Abrogator  
  95  17:29  Probe (Chrono Boost)  
  95  17:32  Probe (Chrono Boost)  
  97  17:43  Probe (Chrono Boost)  
  98  17:54  Void Templar  
  96  18:32  Serdath Legion  
  62  21:00  Xel'Naga Ambusher x2  
  62  21:02  Xel'Naga Enforcer  
  70  21:42  Xel'Naga Ambusher x2  
  74  21:57  Xel'Naga Enforcer  
  78  22:24  Xel'Naga Ambusher x2  
  82  22:52  Xel'Naga Abrogator  
  85  23:01  Serdath Legion  
  85  23:06  Xel'Naga Shieldguard, Xel'Naga Ambusher  
  92  23:42  Xel'Naga Abrogator  
  92  23:43  Xel'Naga Shieldguard  
  92  23:48  Xel'Naga Ambusher  
  99  24:32  Xel'Naga Watcher  
  100  25:09  Serdath Legion  
  95  27:20  Tesseract Cannon  
  95  27:21  Tesseract Cannon  
  95  27:23  Tesseract Cannon  
  95  27:28  Tesseract Cannon  
  91  27:30  Tesseract Cannon  
  91  27:52  Tesseract Cannon  
  91  27:53  Tesseract Cannon  
  91  27:56  Tesseract Cannon  
  91  27:58  Tesseract Cannon  
  91  28:03  Tesseract Cannon, Xel'Naga Enforcer  
  85  28:41  Serdath Legion  
  85  28:58  Xel'Naga Enforcer  
  89  29:28  Tesseract Cannon  
  89  29:30  Tesseract Cannon x2  
  89  29:33  Tesseract Cannon x2  
  89  29:38  Tesseract Cannon x2  
  89  29:40  Tesseract Cannon  
  89  29:41  Tesseract Cannon  
  89  29:43  Tesseract Cannon  
  89  29:44  Tesseract Cannon  
  89  29:46  Tesseract Cannon x2  
Tags
 
Add a new tag
Caveats
  • Supply blocks, unpowered buildings, or Contaminate may cause inaccurate times.
  • Supply counts are checked every 10 seconds.